 Dungeon Crawl Stone Soup version bcrawl-1.37.2 (webtiles) character file.

Game seed: 10868794983197130230

365804 Mehrunes the Bludgeoner (level 14, 0/118 HPs)
             Began as a Formicid Fighter on Nov 18, 2022.
             Was a High Priest of Okawaru.
             Slain by a yak (5 damage)
             ... on level 6 of the Lair of Beasts.
             The game lasted 00:48:00 (22979 turns).

Mehrunes the Bludgeoner (Formicid Fighter)         Turns: 22979, Time: 00:48:00

Health: 0/118      AC: 22    Str: 24    XL:     14   Next: 83%
Magic:  16/20      EV:  8    Int:  8    God:    Okawaru [*****.]
Gold:   1378       SH: 14    Dex: 12    Spells: 13/13 levels left

rFire    + + +     GDR:     37% R - +2 great mace (flame)
rCold    + . .     SeeInvis +   c - +0 medium shield
rNeg     . . .     Gourm    .   Q - +2 plate armour {rF+}
rPois    .         Faith    .   (helmet unavailable)
rElec    .         Spirit   .   v - scarf {rC+ rF+}
rCorr    .         Reflect  .   F - +0 pair of gloves {archery}
MR       +....                  f - +0 pair of boots
Stlth    ..........             K - amulet of magic regeneration
HPRegen  0.29/turn              n - ring of stealth
MPRegen  0.47/turn              a - ring of protection from fire

@: swift, heroism, finesse, flying, quick
A: permanent stasis, dig shafts and tunnels, four strong arms, antennae 3
a: Dig, Shaft Self, Heroism, Finesse, Renounce Religion


You were on level 6 of the Lair of Beasts.
You worshipped Okawaru.
Okawaru was extremely pleased with you.
You were not hungry.

You visited 3 branches of the dungeon, and saw 18 of its levels.
You also visited: Volcano.

You collected 1518 gold pieces.
You spent 140 gold pieces at shops.

Inventory:

Hand Weapons
 R - a +2 great mace of flaming (weapon)
Missiles
 r - 261 poisoned tomahawks (quivered)
Armour
 c - a +0 medium shield (worn)
 f - a +0 pair of boots (worn)
 h - a +2 chain mail of cold resistance
 o - the cursed +1 scale mail of Depression {MR+ Int+6 Stlth-, unknown}
   (You found it on level 3 of the Lair of Beasts)

   It affects your intelligence (+6).
   It affects your resistance to hostile enchantments.
   It makes you less stealthy.
   It has a curse placed upon it.
 v - a scarf of resistance (worn)
 F - a +0 pair of gloves of archery (worn)
 Q - a +2 plate armour of fire resistance (worn)
Jewellery
 a - a ring of protection from fire (right hand)
 n - a ring of stealth (left hand)
 z - an uncursed ring of ice
 K - an amulet of magic regeneration (around neck)
 W - the cursed amulet of Iseffut {Inacc +Inv, unknown}
   (You found it on level 5 of the Lair of Beasts)

   [amulet of inaccuracy]

   It reduces the accuracy of all your attacks.
   It lets you turn invisible.
   It has a curse placed upon it.
Wands
 d - a wand of disintegration (11)
 t - a wand of acid (5)
 w - a wand of polymorph (6)
 y - a wand of digging (3)
 B - a wand of paralysis (4)
 G - a wand of iceblast (5)
 I - a wand of random effects (7)
 M - a wand of clouds (8)
Scrolls
 b - a scroll of blinking
 g - 8 scrolls of remove curse
 i - 7 scrolls of identify
 k - 3 scrolls of fog
 l - 2 scrolls of magic mapping
 m - 3 scrolls of fear
 p - 5 scrolls of enchant weapon
 x - 13 scrolls of amnesia
 A - 4 scrolls of enchant armour
 D - 3 scrolls of noise
 E - a scroll of brand weapon
 J - a scroll of torment
 T - a scroll of immolation
 U - a scroll of silence
Potions
 j - a potion of curing
 s - a potion of haste
 C - 4 potions of lignification
 L - a potion of might
 N - a potion of brilliance {unknown}
 O - a potion of flight
 P - a potion of berserk rage {unknown}
Miscellaneous
 q - a sack of spiders
 H - a lamp of fire
Comestibles
 e - 43 rations {!d}
 u - 12 chunks of flesh


   Skills:
 + Level 13.5(18.5) Fighting
 * Level 15.8(20.8) Maces & Flails
 - Level 11.0(16.0) Armour
 - Level 9.5(14.5) Shields
 - Level 9.0 Invocations


You had 13 spell levels left.
You didn't know any spells.
Your spell library contained the following spells:

 Spells                   Type           Power        Failure   Level  Hunger
 Magic Dart               Conj           #...         100%        1    None
 Slow                     Hex            #.......     100%        1    None
 Static Discharge         Air            #.....       100%        1    None
 Sting                    Conj/Pois      #...         100%        1    None
 Summon Butterflies       Summ           #.......     100%        1    None
 Call Imp                 Summ           #.....       100%        2    ####...
 Ensorcelled Hibernation  Hex/Ice        #.....       100%        2    ####...
 Poisonous Vapours        Pois/Air       #.....       100%        2    ####...
 Shock                    Conj/Air       #......      100%        2    ####...
 Swiftness                Chrm/Air       #.......     100%        2    ####...
 Beckoning                Tloc           #.........   100%        3    #####..
 Confuse                  Hex            #.......     100%        3    #####..
 Conjure Flame            Conj/Fire      #.......     100%        3    #####..
 Dazzling Orbs            Conj/Hex       #......      100%        3    #####..
 Ignite Poison            Fire/Tmut/Pois #.......     100%        3    #####..
 Mephitic Cloud           Conj/Pois/Air  #.......     100%        3    #####..
 Portal Projectile        Tloc           #.....       100%        3    #####..
 Spider Form              Tmut/Pois      #..          100%        3    #####..
 Tukima's Dance           Hex            #.......     100%        3    #####..
 Cause Fear               Hex            #.........   100%        4    ######.
 Lightning Bolt           Conj/Air       #.......     100%        4    ######.
 Olgreb's Toxic Radiance  Pois           #........    100%        4    ######.
 Summon Scorpions         Summ/Pois      #.......     100%        4    ######.
 Summon Mana Viper        Hex/Summ       #.......     100%        5    #######
 Venom Bolt               Conj/Pois      #.........   100%        5    #######
 Tornado                  Tloc/Air       #.........   100%        8    #######
 Blink                    Tloc           Unusable     N/A         2    N/A

Dungeon Overview and Level Annotations

Branches:
Dungeon (11/12)            Temple (1/1) D:5            Lair (6/6) D:9
 Shoals (0/3) Lair:2       Spider (0/3) Lair:4        Slime (0/5) Lair:5
    Orc (0/1) D:9
 Vaults: D:11-12

Altars:
Ashenzari
Cheibriados
Dithmenos
Elyvilon
Fedhas
Gozag
Hepliaklqana
Kikubaaqudgha
Lugonu
Makhleb
Nemelex Xobeh
Okawaru
Qazlal
Ru
Sif Muna
Trog
Uskayaw
Vehumet
Wu Jian
Xom
Yredelemnul
Zin
The Shining One
Jiyva

Shops:
D:4 !   D:7 **:   D:8 (![%*   D:10 [*}

Annotations:
D:7 exclusions: 2 orc warriors and 10 more exclusions
D:9 2 transporters
Lair:6 Rupert


Innate Abilities, Weirdness & Mutations

You cannot be hasted, slowed, berserked, paralysed or teleported.
You can dig through walls and to a lower floor.
Your four strong arms can wield two-handed weapons with a shield.
You have a pair of large antennae on your head. (SInv)


Message History

You block the yak's attack. The yak gores you!
* * * LOW HITPOINT WARNING * * *
The yak gores you but does no damage. The black mamba bites you.
* * * LOW HITPOINT WARNING * * *
The yak gores you.
* * * LOW HITPOINT WARNING * * *
You feel better. You block the black mamba's attack.
The yak gores you but does no damage. The yak gores you.
* * * LOW HITPOINT WARNING * * *
You block the yak's attack.
The black mamba bites you but does no damage.
You can now deal lightning-fast blows.
You block the black mamba's attack. The yak gores you!
* * * LOW HITPOINT WARNING * * *
You block the yak's attack. The yak barely misses you.
You feel very buoyant.
You fly up into the air.
You block the black mamba's attack.
The black mamba bites you but does no damage.
The yak barely misses you. The yak gores you.
You die...

#.................#..
#.....#.#...#.....####
#...PP......#.....#
.....P...P.......$.
#..................
...............
.......................$
.................P......
......S@Y.....P#P..≈.≈≈.
......YY###....#.≈≈≈≈≈≈.
..#.#..#H# ...≈≈≈≈≈≈≈≈
.. ### #Y. ...≈≈≈≈Y≈Y≈ .
.....≈≈≈≈≈.≈≈≈≈
...{≈≈≈≈≈≈<≈Y≈
.Y...≈≈≈≈≈D≈YH
...P.≈≈≈≈≈≈≈≈
...P.≈≈≈≈≈≈≈≈


You could see an elephant, a hippogriff, a black mamba and 4 yaks.

Vanquished Creatures
  Nessos (Lair:4)
  5 hydras
  Psyche (D:9)
  A two-headed ogre (Volcano)
  An anaconda (Lair:6)
  Sonja (Lair:1)
  A hell hog (Volcano)
  9 death yaks
  2 centaur warriors
  Pikel (D:9)
  A salamander (Volcano)
  4 orc knights (D:9)
  6 elephants
  A merfolk siren (Lair:2)
  3 black mambas (Lair:6)
  7 cane toads
  7 komodo dragons
  A troll (D:8)
  A harpy zombie (D:11)
  A queen bee (Lair:3)
  A hornet (D:8)
  3 meliai
  Grinder (D:3)
  7 blink frogs
  5 slime creatures (D:10)
  6 hippogriffs
  Grum (Lair:5)
  A tarantella (shapeshifter) (D:10)
  A wyvern (Lair:4)
  A fire bat (Volcano)
  42 yaks
  4 vampire mosquitoes (D:11)
  2 basilisks (Lair:4)
  A hungry ghost (D:9)
  Menkaure (D:4)
  12 crocodiles
  2 acid dragons
  A hell hound (Volcano)
  8 water moccasins
  A slave (D:9)
  14 porcupines
  5 ice beasts
  3 soldier ants (D:11)
  A hornet zombie (D:4)
  2 orc warriors
  2 sky beasts
  2 black bears
  2 necrophages
  19 wolves
  3 ogres
  7 bullfrogs
  3 centaurs
  31 killer bees
  4 scorpions
  7 wights
  6 orc priests
  3 howler monkeys
  A bullfrog zombie (D:6)
  8 crimson imps
  6 jellies
  A quasit (D:7)
  5 orc wizards
  A bullfrog skeleton (D:4)
  6 hounds
  Jessica (D:3)
  6 iguanas
  11 worker ants
  A killer bee zombie (D:5)
  A hound skeleton (D:10)
  2 worker ant zombies
  A gnoll (D:9)
  A howler monkey skeleton (D:7)
  15 adders
  2 shadow imps
  4 oozes
  2 adder zombies
  An adder skeleton (D:5)
  7 worms
  4 dart slugs
  2 leopard geckos
  29 orcs
  2 ball pythons
  3 giant cockroaches
  5 goblins
  5 hobgoblins
  6 jackals
  4 quokkas
  4 bats
  2 frilled lizards (D:1)
  A jackal skeleton (D:7)
  11 kobolds
  8 rats
  A fungus (Lair:1)
  2 plants
442 creatures vanquished.

Vanquished Creatures (others)
  2 two-headed ogres (Volcano)
  2 slaves (D:9)
  A hound (D:9)
  A shadow imp (D:9)
  31 fungi
  19 plants
56 creatures vanquished.

Grand Total: 498 creatures vanquished

Notes
Turn   | Place    | Note
-------+----------+-------------------------------------------
     0 | D:1      | Mehrunes the Formicid Fighter began the quest for the Orb.
     0 | D:1      | Reached XP level 1. HP: 18/18 MP: 1/1
   299 | D:1      | Reached XP level 2. HP: 24/24 MP: 2/2
   603 | D:1      | Reached XP level 3. HP: 24/30 MP: 3/3
  1197 | D:1      | Reached XP level 4. HP: 25/37 MP: 4/4
  1478 | D:2      | Reached skill level 3 in Maces & Flails
  2228 | D:3      | Reached XP level 5. HP: 5/43 MP: 5/5
  2559 | D:3      | Reached skill level 5 in Shields
  2681 | D:3      | Noticed Grinder
  2689 | D:3      | Killed Grinder
  2690 | D:3      | Reached skill level 5 in Fighting
  2690 | D:3      | Reached skill level 4 in Maces & Flails
  2690 | D:3      | Reached XP level 6. HP: 32/51 MP: 6/6
  2851 | D:3      | Reached XP level 7. HP: 56/56 MP: 7/7
  2957 | D:3      | Found a sparkling altar of Nemelex Xobeh.
  2957 | D:3      | Noticed Jessica
  3498 | D:3      | Found an opulent altar of Gozag.
  3553 | D:3      | Reached skill level 5 in Maces & Flails
  3785 | D:3      | Killed Jessica
  3896 | D:4      | Found Taxin's Distillery.
  4119 | D:4      | Noticed Menkaure
  4129 | D:4      | Killed Menkaure
  4130 | D:4      | Reached XP level 8. HP: 34/64 MP: 8/8
  4337 | D:4      | Reached skill level 6 in Maces & Flails
  5009 | D:5      | Entered Level 5 of the Dungeon
  5085 | D:5      | Found a staircase to the Ecumenical Temple.
  5159 | Temple   | Entered the Ecumenical Temple
  5253 | Temple   | Became a worshipper of Warmaster Okawaru
  5702 | D:5      | Reached skill level 1 in Invocations
  5771 | D:5      | Reached skill level 7 in Maces & Flails
  6110 | D:5      | Noticed a hippogriff
  6122 | D:5      | Killed a hippogriff
  6123 | D:5      | Reached XP level 9. HP: 46/71 MP: 10/10
  6895 | D:6      | You fall into a shaft and drop 2 floors!
  6895 | D:8      | Found Lipaagg's Weapon Shop.
  6924 | D:8      | Reached * piety under Okawaru
  7084 | D:8      | Found Michion's Antique Armour Boutique.
  7084 | D:8      | Noticed a centaur warrior
  7095 | D:8      | HP: 1/72 [centaur warrior (12)]
  7112 | D:8      | Killed a centaur warrior
  7113 | D:8      | Reached skill level 8 in Maces & Flails
  7134 | D:8      | Reached ** piety under Okawaru
  7369 | D:7      | Found a shattered altar of Ashenzari.
  7455 | D:7      | Found an ancient bone altar of Kikubaaqudgha.
  7542 | D:7      | HP: 2/71 [orc warrior/+0 scimitar (13)]
  8104 | D:7      | Found Koha Uwk's Book Emporium.
  8121 | D:7      | Found a blossoming altar of Fedhas.
  8222 | D:6      | Reached XP level 10. HP: 72/79 MP: 13/13
  8478 | D:5      | Reached skill level 9 in Maces & Flails
  8759 | D:6      | Found a sparkling altar of Nemelex Xobeh.
  8768 | D:6      | Reached skill level 5 in Invocations
  9418 | D:7      | Found an ornate altar of the Wu Jian Council.
  9501 | D:7      | Found a stormy altar of Qazlal.
  9580 | D:7      | Found a corrupted altar of Lugonu.
  9740 | D:7      | Found Xorysk Kyrea's General Store.
  9751 | D:7      | Bought 2 potions of heal wounds for 140 gold pieces
  9803 | D:7      | Found Hipp's General Store.
  9956 | D:8      | Reached *** piety under Okawaru
 10067 | D:8      | Found Vyjauguw's Food Boutique.
 10367 | D:8      | Reached skill level 10 in Maces & Flails
 10559 | D:8      | Found Xyna's General Store.
 10742 | D:8      | Found a white marble altar of Elyvilon.
 11009 | D:8      | Found Inkafroynt's Distillery.
 11415 | D:9      | Noticed an orc knight
 11415 | D:9      | Noticed an orc knight
 11564 | D:9      | Noticed Pikel
 11579 | D:9      | Killed Pikel
 11579 | D:9      | Reached **** piety under Okawaru
 11580 | D:9      | Reached XP level 11. HP: 88/88 MP: 14/14
 11910 | D:9      | Reached skill level 11 in Maces & Flails
 11918 | D:9      | Found a transporter.
 11996 | D:9      | Found a transporter.
 12066 | D:9      | Noticed an orc knight
 12102 | D:9      | Killed an orc knight
 12103 | D:9      | Reached skill level 5 in Armour
 12248 | D:9      | Found a staircase to the Orcish Mines.
 12293 | D:9      | Noticed Psyche
 12300 | D:9      | Killed Psyche
 12300 | D:9      | Reached ***** piety under Okawaru
 12421 | D:9      | Killed an orc knight
 12545 | D:9      | Noticed an orc knight
 12569 | D:9      | Killed an orc knight
 12570 | D:9      | Found a staircase to the Lair.
 12678 | D:9      | Identified the Volume of Supportive Translocation
 12690 | D:9      | Noticed a red ugly thing
 12865 | D:10     | Entered Level 10 of the Dungeon
 12947 | D:9      | Killed an orc knight
 12948 | D:9      | Reached skill level 10 in Fighting
 13004 | D:10     | Found Tizit's Armour Shop.
 13083 | D:10     | Found Seogroil's Gadget Shop.
 13096 | D:10     | Found Gyma's Assorted Antiques.
 13332 | D:10     | Reached skill level 12 in Maces & Flails
 13826 | D:11     | Reached XP level 12. HP: 76/97 MP: 13/15
 14921 | D:11     | Received a gift from Okawaru
 15373 | D:11     | Noticed a centaur warrior
 15388 | D:11     | Killed a centaur warrior
 15693 | Lair:1   | Entered Level 1 of the Lair of Beasts
 15746 | Lair:1   | Reached skill level 13 in Maces & Flails
 16534 | Lair:1   | Noticed Sonja
 16590 | Lair:1   | Killed Sonja
 16919 | Lair:1   | Reached XP level 13. HP: 82/106 MP: 18/18
 17717 | Lair:2   | Noticed an eight-headed hydra
 17726 | Lair:2   | Killed an eight-headed hydra
 17873 | Lair:2   | Found a hide-covered altar of Uskayaw.
 18085 | Lair:2   | Found a staircase to the Shoals.
 18469 | Lair:3   | Reached skill level 14 in Maces & Flails
 18531 | Lair:3   | Found a dark tunnel.
 18538 | Volcano  | Entered a volcano
 19172 | Lair:3   | Received a gift from Okawaru
 19176 | Lair:3   | Got a translucent giant club {god gift}
 19179 | Lair:3   | Identified the +8 giant club of the Scorching Whale
                  | {freeze, rPois} (Okawaru gifted it to you on level 3 of the
                  | Lair of Beasts)
 20470 | Lair:3   | Got an encrusted scale mail
 20753 | Lair:4   | Noticed Nessos
 20760 | Lair:4   | Killed Nessos
 20782 | Lair:4   | Noticed a five-headed hydra
 20790 | Lair:4   | Killed a five-headed hydra
 20811 | Lair:4   | Reached XP level 14. HP: 110/116 MP: 20/20
 20940 | Lair:4   | Reached skill level 10 in Armour
 21014 | Lair:4   | Found a hole to the Spider Nest.
 21824 | Lair:5   | Received a gift from Okawaru
 21861 | Lair:5   | Noticed Grum
 21873 | Lair:5   | Killed Grum
 21956 | Lair:5   | Got a brightly glowing garnet amulet
 22175 | Lair:5   | Found a viscous altar of Jiyva.
 22179 | Lair:5   | Found a staircase to the Slime Pits.
 22193 | Lair:5   | Found a viscous altar of Jiyva.
 22379 | Lair:6   | Entered Level 6 of the Lair of Beasts
 22392 | Lair:6   | Reached skill level 15 in Maces & Flails
 22441 | Lair:6   | Received a gift from Okawaru
 22444 | Lair:6   | Got a scorched giant club {god gift}
 22597 | Lair:6   | Noticed Rupert
 22978 | Lair:6   | HP: 5/118 [yak (10)]
 22979 | Lair:6   | Slain by a yak

Skill      XL: |  1  2  3  4  5  6  7  8  9 10 11 12 13 14 |
---------------+-------------------------------------------+-----
Shields        | 4 5 6 7 8 9 |  9.5
Fighting       | 4 5 6 7 9 10 11 12 13 | 13.5
Maces & Flails | 3 4 5 7 8 10 12 13 14 15 | 15.8
Invocations    | 2 4 5 7 9 |  9.0
Armour         | 4 6 8 9 11 | 11.0

Action                   |  1- 3 |  4- 6 |  7- 9 | 10-12 | 13-15 || total
-------------------------+-------+-------+-------+-------+-------++-------
Melee: Flail             |   111 |   150 |   417 |    83 |       ||   761
       Mace              |       |     2 |       |       |       ||     2
       Dire flail        |       |       |       |   831 |   174 ||  1005
       Great mace        |       |       |       |       |   334 ||   334
Throw: Tomahawk          |       |       |     4 |    36 |       ||    40
Invok: Heroism           |       |       |     1 |    16 |    11 ||    28
       Finesse           |       |       |       |     2 |     6 ||     8
 Abil: Dig               |       |       |    13 |    11 |    17 ||    41
       Shaft Self        |       |       |     1 |       |       ||     1
Evoke: Lamp of fire      |       |       |       |     1 |       ||     1
       Wand              |       |       |       |       |     2 ||     2
  Use: Scroll            |       |     2 |     5 |     8 |     6 ||    21
       Potion            |       |     1 |     9 |     3 |     2 ||    15
 Stab: Paralysed         |       |       |       |       |     2 ||     2
  Eat: Chunk             |     4 |    11 |    19 |    38 |    35 ||   107
       Ration            |       |       |     3 |     3 |       ||     6
Armor: Scale mail        |    58 |    16 |       |       |       ||    74
       Plate armour      |       |    62 |   189 |   298 |   273 ||   822
Dodge: Dodged            |    32 |    24 |    42 |   121 |    91 ||   310
Block: Medium shield     |    55 |    91 |   209 |   426 |   305 ||  1086
